 Dungeon Crawl Stone Soup version 0.17-a0-1719-g1afd5a1 (webtiles) character file.

44 kosy22 the Shield-Bearer (level 3, -3/29 HPs)
             Began as a Formicid Fighter on Aug 28, 2015.
             Slain by Natasha (6 damage)
             ... on level 2 of the Dungeon.
             The game lasted 00:03:12 (1828 turns).

kosy22 the Shield-Bearer (Formicid Fighter)         Turns: 1828, Time: 00:03:12

Health: -3/29      AC:  7    Str: 21    XL:     3   Next: 85%
Magic:  3/3        EV:  8    Int:  7    God:
Gold:   124        SH:  9    Dex: 10    Spells: 0 memorised, 2 levels left

rFire  . . .     SeeInvis +     a - +0 rapier
rCold  . . .     Clarity  .     b - +0 scale mail
rNeg   . . .     SustAt   .     c - +0 shield
rPois  .         Gourm    .     (helmet unavailable)
rElec  .         Spirit   .     (no cloak)
rCorr  .         Warding  .     (no gloves)
rMut   .         Stasis   +     (no boots)
MR     .....                    (no amulet)
Stlth  ..........               (no ring)
                                (no ring)

@: not resistant to hostile enchantments, extremely unstealthy
A: permanent stasis, dig shafts and tunnels, four strong arms, antennae 3
a: Dig, Shaft Self


You were on level 2 of the Dungeon.
You were not hungry.

You visited 1 branch of the dungeon, and saw 2 of its levels.

You collected 124 gold pieces.

Inventory:

Hand weapons
 a - a +0 rapier (weapon)
Armour
 b - a +0 scale mail (worn)
 c - a +0 shield (worn)
Jewellery
 n - an uncursed amulet of rage {unknown}
Scrolls
 f - a scroll of enchant armour {unknown}
 l - a scroll of teleportation {unknown}
 m - a scroll of random uselessness {unknown}
Potions
 d - 2 potions of might
 h - a potion of curing {unknown}
 i - a potion of heal wounds
 j - a potion of lignification {unknown}
 k - a potion of flight {unknown}
 o - a potion of resistance {unknown}
Comestibles
 e - 2 bread rations
 g - a beef jerky


   Skills:
 + Level 3.4 Fighting
 + Level 2.2 Short Blades
 + Level 4.0 Armour
 + Level 0.3 Dodging
 + Level 4.3 Shields


You had 2 spell levels left.
You didn't know any spells.

Dungeon Overview and Level Annotations

Branches:
Dungeon (2/15)

Altars:

Annotations:
D:2 Natasha


Innate Abilities, Weirdness & Mutations

You are under a permanent stasis effect.
You can dig through walls and to a lower floor.
Your four strong arms can wield two-handed weapons with a shield.
You have a pair of large antennae on your head (SInv).


Message History

You barely miss Natasha.
Natasha is moderately wounded.
Natasha claws you but does no damage.
You hit Natasha but do no damage.
Natasha is moderately wounded.
Natasha mumbles some strange words.
You hit Natasha but do no damage.
Natasha is moderately wounded.
You block Natasha's attack. The iron imp hits you!
You hit Natasha but do no damage.
Natasha is moderately wounded.
Natasha casts a spell.
The iron imp hits you!
* * * LOW HITPOINT WARNING * * *
You hit Natasha.
Natasha is severely wounded.
Natasha closely misses you.
The iron imp hits you but does no damage.
The crimson imp blinks!
Natasha claws you.
You die...

#.# #.## #..# ... ...#
#..#####... ...#
###........# ...#
#.........# #.###
#.........# #.#.##
#..5#.....#
#....#########5#h....##
..............ยง5@.....+
.....#########.#...####
#.#..# #.##.## #....#
#.#### ###..# #.# #..#
#.# ###..# #.# .....#
#.# ###.##


You could see an iron imp, Natasha, a crimson imp and a white imp.

Vanquished Creatures
  2 adders (D:2)
  A ball python (D:1)
  4 bats (D:1)
  3 hobgoblins
  2 giant newts (D:1)
  7 goblins
  5 kobolds
  4 rats
  A plant (D:1)
29 creatures vanquished.

Notes
Turn   | Place    | Note
--------------------------------------------------------------
     0 | D:1      | kosy22 the Formicid Fighter began the quest for the Orb.
     0 | D:1      | Reached XP level 1. HP: 18/18 MP: 1/1
   175 | D:1      | Reached XP level 2. HP: 20/24 MP: 2/2
   522 | D:1      | Reached skill level 4 in Shields
  1040 | D:2      | Reached XP level 3. HP: 27/29 MP: 3/3
  1812 | D:2      | Noticed Natasha
  1828 | D:2      | Slain by Natasha

Vault maps used:
D:1:      dpeg_arrival_tiny_d, serial_forest, infiniplex_forest_clump_medium,
          infiniplex_forest_straight_5, infiniplex_forest_clump_tiny,
          infiniplex_forest_end_2, infiniplex_forest_end_1,
          infiniplex_forest_zigzag_1, infiniplex_forest_corner_1
D:2:      old_standard_altar, corner_web_ring, uniq_natasha

Action                   || total
-------------------------++-------
Melee: Rapier            ||   221
  Use: Scroll            ||     2
  Eat: Bread ration      ||     1
